Cogmind - Beta 14 @@@ ROGUE MODE // 2024.11.21 @ 16:23:17 Player: DrEthan Result: Destroyed self with Grenade Launcher Performance ------------- Evolutions (0) 0 Regions Visited (2) 400 Robots Destroyed (24) 120 Value Destroyed (615) 615 Prototype IDs (0) 0 Alien Tech Used (0) 0 Bonus (0) 0 TOTAL SCORE: 1135 Bonus ------- None Cogmind --------- Core Integrity 0/250 Matter 260/300 Energy 247/250 System Corruption 0% Temperature Cool (0) Movement Walking (190) Ox1 Location -10/Subcaves Parts ------- > --- POWER (1) -------- Ion Engine > --- PROPULSION (2) --- Aluminum Leg Aluminum Leg > --- UTILITY (2) ------ Medium Storage Unit Signal Interpreter > --- WEAPON (2) ------- Battle Cannon Grenade Launcher > --- INVENTORY (10) --- Ion Engine Improved Heat Sink Improved Heat Sink High-capacity Matter Pod (200) Visual Processing Unit Utility Shielding Beamcaster Assault Rifle Multitool Peak State ------------ > --- POWER ------------ Light Nuclear Core > --- PROPULSION ------- Aluminum Leg Aluminum Leg > --- UTILITY ---------- Medium Storage Unit Signal Interpreter > --- WEAPON ----------- Battle Cannon Multitool > --- INVENTORY -------- Ion Engine Ion Engine Heat Sink Improved Heat Sink High-capacity Matter Pod Visual Processing Unit Utility Shielding Particle Gun Assault Rifle Grenade Launcher [Rating: 12] Favorites ----------- Power Light Nuclear Core Engine Ion Engine Power Core Light Nuclear Core Propulsion Aluminum Leg Leg Aluminum Leg Utility Medium Storage Unit Storage Medium Storage Unit Processor Signal Interpreter Protection Utility Shielding Weapon Battle Cannon Energy Gun Particle Gun Ballistic Gun Assault Rifle Ballistic Cannon Battle Cannon Launcher Grenade Launcher Special Weapon Multitool Build | -11 -10 -10 ------- Run | Yrd Mat Sub Slots Evolved . | . . . Power . | . . . Propulsion . | . . . Utility . | . . . Weapon . | . . . Parts Attached 24 | 6 13 5 Power 4 | 1 2 1 Engine 3 | 1 1 1 Core 1 | . 1 . Reactor . | . . . Propulsion 8 | 2 6 . Treads . | . . . Leg 8 | 2 6 . Wheel . | . . . Hover . | . . . Flight . | . . . Utility 4 | 1 3 . Device . | . . . Storage 2 | 1 1 . Processor 1 | . 1 . Hackware . | . . . Protection 1 | . 1 . Artifact . | . . . Weapon 8 | 2 2 4 Energy Gun 1 | . 1 . Energy Cannon . | . . . Ballistic Gun 3 | 2 1 . Ballistic Cannon 1 | . . 1 Launcher 2 | . . 2 Special Weapon 1 | . . 1 Impact Weapon . | . . . Slashing Weapon . | . . . Piercing Weapon . | . . . Special Melee Weapon . | . . . Unidentified Prototypes . | . . . Parts Lost 2 | . 1 1 Power 2 | . 1 1 Propulsion . | . . . Utility . | . . . Weapon . | . . . Highest Loss Streak 1 | . 1 1 To Critical Strikes . | . . . Average Slot Usage (%) 96 | . 98 95 Core 10 | . 12 9 Leg 28 | . 28 28 Storage 14 | . 14 14 Processor 7 | . . 14 Protection 5 | . 12 . Energy Gun 5 | . 12 . Ballistic Gun 8 | . 15 2 Ballistic Cannon 6 | . . 11 Launcher 4 | . . 8 Special Weapon 2 | . . 4 Peak Build Rating 12 | 6 11 12 Average Rating 10 | 4 10 10 On Entrance 5 | . 6 11 Naked Turns . | . . . Heaviest Build 21 | 12 21 21 Greatest Support 20 | 20 20 20 Greatest Overweight (x) 1 | . 1 1 Average Overweight (x) . | . . . Largest Inventory Capacity 10 | 8 10 10 Average Capacity 9 | 6 9 10 Most Carried 10 | 5 10 10 Average Carried 9 | 1 8 9 Final Capacity 10 | 8 10 10 Final Carried 10 | 2 10 9 Class Distribution -------------------- 98% | Mutant Dominant Class ---------------- Mutant | -10/Materials Mutant | -10/Subcaves Resources | -11 -10 -10 ----------- Run | Yrd Mat Sub Matter Collected 681 | 243 260 178 Remotely . | . . . Salvage Created 685 | . 399 286 Parts 60 | . 39 21 Haulers Intercepted . | . . . Recyclers Shooed 1 | . 1 . Parts Field Recycled . | . . . Retrieved Matter . | . . . Parts Self-Destructed 11 | . . 11 Prevented . | . . . Kills | -11 -10 -10 ------- Run | Yrd Mat Sub Combat Hostiles Destroyed 20 | . 12 8 Guns 12 | . 12 . Cannons 3 | . . 3 AOE 5 | . . 5 Classes Destroyed 7 | . 5 2 Worker 1 | . 1 . Tunneler 1 | . 1 . Watcher 2 | . 2 . Swarmer 8 | . 8 . Grunt 6 | . 4 2 Sentry 1 | . . 1 Subdweller 5 | . . 5 Best Kill Streak 4 | . 4 2 Combat Bots Only 3 | . 3 2 Max Kills in Single Turn 2 | . 1 2 Gunslinging . | . . . Exploded 2 | . . 2 Melee . | . . . Uniques/NPCs Destroyed . | . . . Combat | -11 -10 -10 -------- Run | Yrd Mat Sub Hostile Shots Fired 114 | . 101 13 Missed 31 | . 28 3 Damage Taken 968 | . 697 271 Core 285 | . 155 130 Absorbed by Shields . | . . . Redirected to Shielding 7 | . 7 . Core Remaining (%) 100 | 100 . . Volleys Fired 80 | . 66 14 Largest 2 | . 2 2 Hottest 85 | . 85 69 Shots Fired 146 | . 123 23 Gun 127 | . 123 4 Cannon 10 | . . 10 Launcher 8 | . . 8 Special 1 | . . 1 Kinetic 104 | . 90 14 Thermal 34 | . 33 1 Explosive 8 | . . 8 Electromagnetic . | . . . Robot Hit Streak 9 | . 9 4 Robot Miss Streak 5 | . 5 1 Penetration Max . | . . . Secondary Targets . | . . . Shots Hit Robots 62 | . 51 11 Core Hits 35 | . 24 11 Critical Kills . | . . . Critical Parts Destroyed . | . . . Critical Strikes 5 | . 2 3 Burn 2 | . 2 . Blast 3 | . . 3 Melee Attacks . | . . . Impact . | . . . Slashing . | . . . Piercing . | . . . Sneak Attacks . | . . . Combat Hostiles . | . . . Follow-up Attacks . | . . . Damage Inflicted 1123 | . 571 552 Guns 585 | . 571 14 Cannons 138 | . . 138 Explosions 400 | . . 400 Melee . | . . . Ramming . | . . . Kinetic 509 | . 357 152 Thermal 214 | . 214 . Explosive 400 | . . 400 Electromagnetic . | . . . Impact . | . . . Slashing . | . . . Piercing . | . . . Highest Corruption . | . . . Average Corruption . | . . . Corruption Purged . | . . . Corruption Blocked . | . . . Overload Shots . | . . . Overflow Damage . | . . . Projectiles . | . . . Explosions . | . . . Melee . | . . . Knockbacks 1 | . . 1 Impact . | . . . Kinetic 1 | . . 1 Secondary . | . . . Self-Inflicted Damage 86 | . . 86 Shots 3 | . . 3 Rammed . | . . . Targets Rammed . | . . . Kicked . | . . . Crushed . | . . . Highest Temperature 228 | . 228 . Average Temperature 73 | . 73 . Received Heat Transfer 228 | . 201 27 Siege Activations . | . . . Robots Corrupted . | . . . Combat Hostiles . | . . . Parts Fried . | . . . Impact Corruptions . | . . . Robots Melted . | . . . Combat Hostiles . | . . . Parts Melted 3 | . 2 1 Heat Transferred 666 | . 666 . Parts Sabotaged . | . . . Parts Stolen . | . . . Parts Stripped . | . . . Power Chain Reactions . | . . . Alert | -11 -10 -10 ------- Run | Yrd Mat Sub Peak Influence 257 | . 257 . Initial . | . . . Average 92 | . 97 . Maximum Alert Level 1 | . 1 . Low Security (%) 90 | 100 89 . Level 1 9 | . 10 . Level 2 . | . . . Level 3 . | . . . Level 4 . | . . . Level 5 . | . . . High Security . | . . . Max Security . | . . . Squads Dispatched 1 | . 1 . Investigation . | . . . Extermination . | . . . Reinforcement 1 | . 1 . Assault . | . . . Garrison . | . . . Intercept . | . . . Searches Triggered . | . . . Construction Impeded . | . . . Haulers Reinforced . | . . . Active Scanning Responses . | . . . Cargo Convoy Interrupts . | . . . Stealth | -11 -10 -10 --------- Run | Yrd Mat Sub Distress Signals 2 | . 2 . Communications Jammed . | . . . Distress Signals . | . . . Times Spotted 40 | . 22 18 Peak Tracking Total 10 | . 4 10 Tactical Retreats . | . . . Traps | -11 -10 -10 ------- Run | Yrd Mat Sub Traps Triggered . | . . . Indirectly . | . . . Trap Hack Attempts . | . . . Triggered . | . . . Disarmed . | . . . Reprogrammed . | . . . Reused . | . . . Traps Extracted . | . . . Installed . | . . . Triggered . | . . . Machines | -11 -10 -10 ---------- Run | Yrd Mat Sub Machines Disabled 2 | . 2 . Max in Single Turn 1 | . 1 . Machines Repaired . | . . . Machines Dismantled . | . . . Machines Sabotaged . | . . . Overloaded Fab Kills . | . . . Hacking | -11 -10 -10 --------- Run | Yrd Mat Sub Machines Accessed 6 | . 5 1 Terminals 4 | . 4 . Fabricators . | . . . Repair Stations . | . . . Recycling Units 1 | . 1 . Scanalyzers . | . . . Garrison Access . | . . . Total Hacks 14 | . 11 3 Successful 11 | . 8 3 Failed 3 | . 3 . Catastrophic . | . . . Database Lockouts . | . . . Manual . | . . . Terminals 6 | . 6 . Fabricators . | . . . Repair Stations . | . . . Recycling Units 5 | . 5 . Scanalyzers . | . . . Garrison Access . | . . . Terminal Hacks 7 | . 4 3 Record 3 | . . 3 Emergency Access Points 1 | . 1 . Alert Level 1 | . 1 . Locate Traps 1 | . 1 . Dispatch Records 1 | . 1 . Fabricator Hacks . | . . . Repair Station Hacks . | . . . Recycling Unit Hacks 4 | . 4 . Process 1 | . 1 . Report Inventory 2 | . 2 . Retrieve Matter 1 | . 1 . Scanalyzer . | . . . Garrison Access Hacks . | . . . Unauthorized Hacks . | . . . Terminals . | . . . Fabricators . | . . . Repair Stations . | . . . Recycling Units . | . . . Scanalyzers . | . . . Garrison Access . | . . . Data Cores Recovered . | . . . Used . | . . . Hacking Detections 3 | . 3 . Full Trace Events . | . . . Feedback Events . | . . . Feedback Blocked . | . . . Robot Schematics Acquired . | . . . Robots Built . | . . . Authchips . | . . . Time . | . . . Total Robot Build Rating . | . . . Part Schematics Acquired . | . . . Parts Built . | . . . Authchips . | . . . Time . | . . . Total Part Build Rating . | . . . Parts Repaired . | . . . Time . | . . . Parts Recycled . | . . . Recycled Matter 162 | . 162 . Retrieved Matter 356 | . 356 . Retrieved Components . | . . . Parts Scanalyzed . | . . . Part Schematics Acquired . | . . . Parts Damaged . | . . . Bothacking | -11 -10 -10 ------------ Run | Yrd Mat Sub Used RIF Installer . | . . . Robots Hacked . | . . . Non-combat . | . . . Combat . | . . . Robot Hacks Applied . | . . . Relay Couplers Released . | . . . Fabnet Peak Effective % . | . . . Robots Rewired . | . . . Allies Hacked . | . . . Hacks Repelled . | . . . Allies | -11 -10 -10 -------- Run | Yrd Mat Sub Total Allies . | . . . Largest Group . | . . . Highest-Rated Group . | . . . Highest-Rated Ally . | . . . Total Orders . | . . . Ally Attacks . | . . . Total Damage . | . . . Kills . | . . . Allies Corrupted . | . . . Allies Melted 1 | . . 1 Intel | -11 -10 -10 ------- Run | Yrd Mat Sub Robot Analysis Total . | . . . Derelict Logs Recovered . | . . . Drone Launches . | . . . Drone Recoveries . | . . . Exploration | -11 -10 -10 ------------- Run | Yrd Mat Sub Turns Passed 2840 | 75 1288 1477 Spaces Moved 1740 | 55 658 1027 Core 5 | 5 . . Treads . | . . . Legs 1735 | 50 658 1027 Wheels . | . . . Hover . | . . . Flight . | . . . Fastest Speed 50 | 50 120 120 Average Speed 141 | 113 163 128 Slowest Speed 190 | 120 190 190 Overloaded Moves . | . . . Propulsion Burnouts . | . . . Robots Hopped . | . . . Cave-ins Triggered . | . . . Exploration Rate (%) 43 | 5 80 45 Regions Visited 2 Branch Regions 1 Pre-discovered Areas 1 | . . 1 Known Exits Taken 1 | . 1 . Unknown Exits Taken 1 | 1 . . Scrap Searched . | . . . Spaces Dug . | . . . Terrain Destroyed 27 | . . 27 Melee . | . . . Projectile . | . . . AOE 27 | . . 27 Terrain Rammed . | . . . Walls Destroyed . | . . . Machines Disabled . | . . . Actions | -11 -10 -10 --------- Run | Yrd Mat Sub Total 1999 | 67 766 1166 Wait 112 | . 2 110 Move 1738 | 54 657 1027 Hop . | . . . Pick Up 28 | 7 16 5 Fast Attach 1 | 1 . . Attach 8 | 5 2 1 Detach . | . . . Swap 15 | . 11 4 Drop 17 | . 12 5 Fire 80 | . 66 14 Melee . | . . . Ram . | . . . Kick . | . . . Crush . | . . . Escape Stasis . | . . . Rewire . | . . . Trap . | . . . Miscellaneous . | . . . Route ------- -11/Scrapyard -10/Materials (discovered 3 exits: *Mat x2 / *Sub) -10/Subcaves (discovered 1 exit: [*Mat]) History --------- Turn | Location | Event 7 | -11/Scrapyard | Discovered new exit (range 15) 76 | -11/Scrapyard | Entered Materials 283 | -10/Materials | Discovered new exit (range 15) 316 | -10/Materials | Build established: Mutant 441 | -10/Materials | Discovered new exit (range 8) 617 | -10/Materials | Core integrity fell below 50% 1343 | -10/Materials | Discovered new exit (range 15) 1351 | -10/Materials | Identified exit to Materials 1363 | -10/Materials | Identified exit to Subcaves 1364 | -10/Materials | Entered Subcaves 1451 | -10/Subcaves | Ambushed by swarm of Subdwellers 1602 | -10/Subcaves | Shifting Twisted Machinery released Multitool 1605 | -10/Subcaves | Shifting Twisted Machinery released Battle Cannon 1880 | -10/Subcaves | Visited Clippyterm 1996 | -10/Subcaves | A swath of the cavern ceiling suddenly collapsed 2323 | -10/Subcaves | A swath of the cavern ceiling suddenly collapsed 2384 | -10/Subcaves | A Subdweller sparked back to life 2384 | -10/Subcaves | A Subdweller sparked back to life 2384 | -10/Subcaves | A Subdweller sparked back to life 2394 | -10/Subcaves | Core integrity fell below 20% 2561 | -10/Subcaves | Learned location of Section 7 (-2) 2786 | -10/Subcaves | Discovered new exit (range 9) 2841 | -10/Subcaves | Destroyed self with Grenade Launcher Last Messages --------------- the time it still manages to suggest unhelpful sample queries and responses. --DD-NU8 >>Record! "World Domination" It looks like you're trying to take over the world, would you like help? World map updated: -2/Section 7. >>Record! "01-MTF" It looks like you're after the notorious thief from 0b1. I don't know where they are, but my data indicates that someone they're looking for is frequently seen in Scraptown. Subatomizers dissect the Sub. Monowheel. Acquired 54 matter. Subatomizers dissect the Sub. Optics. EXIT=FOUND Y-45 Defender destroyed. QV-QUU(R) Disposable Heat Sink blasted off. Imp. Ion Engine fries itself beyond repair. OC-U6F(g) suffers critical hit (Destroy). OC-U6F(g) destroyed. QV-QUU(R) Sub. Monowheel blasted off. QV-QUU(R) knocked back. Map ----- +----------------------------------------------------+ | ?????????????????????????????????????????????????? | | ?????????????????????????????????????????????????? | | ?????????????????????????????????????????????????? | | ?????????????????????????????????????????????????? | | ?????????????????????????????????????????????????? | | ?????????????????????????????????????????????????? | | ?????????????????????????????????????????????????? | | ?????????????????????????????????????????????????? | | ?????????????????????????????????????????????????? | | ?????????????????????????????????????????????????? | | ?????????????????????????????????????????????????? | | ?????????????????????????????????????????????????? | | ?????????????????????????????????????????????????? | | ?????????????????????????????????????????????????? | | ?????????????????????????????????????????????????? | | ?????????????????????????????????????????????????? | | ?????????????????????????????????????????????????? | | ?????????????????????????????????????????????????? | | ?????????????????????????????????????????????????? | | ????????????????????????####?????????????????????? | | ???????????????????????## ###???????????????####? | | ??????????????????###### #####??????????## #? | | ?????????* ##### % #??????????# #? | | ?????????%! = #????#####?# ## | | ?????????[ [%R= #??#### #?# ## | | ?????????! # ## @ % ##### ### | | ???????????????????????#### ! ## | | ??????????????????????????# | | ??????????????????????????# #?# | | ??????????????????????????## # # ## ### | | ???????????????????????????# ## #### ## ## | | ???????????????????????????# # ##### ## | | ???????????????????????????# ## ?# | | ???????????????????????????# #### # # | | ???????????????????????????# ## ??# ?# | | ???????????????????????????# ? ? < ?#### | | ???????????????????????????## ? # #????## | | ????????????????????????????? ? # ## #?#?????# | | ????????????????????????????? ###?# ???????# | | ????????????????????????????? ?##??? ?????? | | ???????????????????????????????????? ??????? | | ???????????????????????????????????? ???????? | | ???????????????????????????????????? ????????? | | ??????????????????????????????????????????????# | | ??????????????????????????????????????????????# # | | ??????????????????????????????????????????????# #? | | ??????????????????????????????????????????????##?? | | ?????????????????????????????????????????????????? | | ?????????????????????????????????????????????????? | | ?????????????????????????????????????????????????? | +----------------------------------------------------+ Best States ------------- Heat Dissipation 25 Energy Generation 14 Energy Capacity 250 Matter Stores 300 Matter Capacity 300 Sight Range 16 Terrain Scan Density 10 Utility Shielding 33 Evasion (%) 55 Item Schematics ----------------- None Robot Schematics ------------------ None Fabricated ------------ Nothing Alien Tech Used ----------------- None Achievements -------------- Dramatic Entrance Slippery One Challenges ------------ None Game ------ Seed ThrowingSeismicDoomcannon Manual? 0 Play Time 00:28:09 Cumulative 3.1 hours Start 2024.11.21 @ 15:54:19 End 2024.11.21 @ 16:23:17 Sessions 1 Manual Loads 0 Difficulty Rogue Special Mode None Game No. 6 Rogue 6 Adventurer 0 Explorer 0 Win Type - Total 0 Types 0/0/0/0/0/0/0/0/0 Lore% 8 Gallery% 8 Achievement% 9 Wizard Run 0 Options --------- Layout 0 ASCII 0 Keyboard 0 Movement Mouse Keybinds 0 Fullscreen 2 Font 24/Smallcaps Map View 76x50 Zoom Use 0% Tactical HUD 0 Map Filters NONE Filters NONE Steam 1 RUN: aa9f841d-09fe-4f26-be1f-a8560afc1710